 Dungeon Crawl Stone Soup version 0.32-a0-705-g60f233581c (webtiles) character file.

Game seed: 9680037047381952243

158 seren the Changeling (level 5, -3/34 HPs)
             Began as an Octopode Shapeshifter on Mar 14, 2024.
             Slain by a river rat (7 damage)
             ... in a sewer.
             The game lasted 00:04:15 (1642 turns).

seren the Changeling (Octopode Shapeshifter)        Turns: 1642, Time: 00:04:15

Health: -3/34      AC:  1    Str: 15    XL:     5   Next: 40%
Magic:  5/5        EV: 12    Int: 13    God:
Gold:   83         SH:  0    Dex: 11    Spells: 4/4 levels left

rFire   . .          .
                       - Unarmed
rCold   . . .        (no shield)
rNeg    . . .        (helmet currently unavailable)
rPois   .            (no amulet)
rElec   .            (no ring)
rCorr   .            (no ring)
SInv    .            (no ring)
Will    .....        (no ring)
Stlth   ++++         (no ring)
HPRegen 0.25/turn    (no ring)
MPRegen 0.09/turn    (no ring)
                     (no ring)

%: no passive effects
@: beast-form
A: beast (slay +2), almost no armour, amphibious, 8 rings, camouflage 1,
gelatinous body 1, nimble swimmer 1, tentacles
a: Begin Untransformation


You were in a sewer.
You were a hulking beast.
You visited 1 branch of the dungeon, and saw 3 of its levels.
You also visited: Sewer.

You collected 83 gold pieces.

Inventory:

Missiles
 f - 5 poisoned darts (quivered)
 j - 7 stones
Talismans
 b - a beast talisman (active)
 c - a flux talisman
Scrolls
 e - a scroll of teleportation {!r}
 g - 2 scrolls of identify {unknown}
 h - a scroll of fog {unknown}
 m - a scroll of noise {unknown}
 o - a scroll of acquirement {unknown}
Potions
 a - a potion of lignification
 d - a potion of attraction {unknown}
 i - 2 potions of mutation {unknown}
 k - 2 potions of curing {unknown}
 l - a potion of might {unknown}
 n - a potion of brilliance {unknown}
 p - a potion of resistance {unknown}


   Skills:
 + Level 2.0 Fighting
 + Level 2.8 Dodging
 * Level 3.3 Stealth
 + Level 3.5 Unarmed Combat
 * Level 3.9 Shapeshifting


You had 4 spell levels left.
You didn't know any spells.
Your spell library contained the following spells:

 Spells                   Type           Power      Damage    Failure   Level
 Tukima's Dance           Hex            0%         N/A       67%         3
 Passage of Golubria      Tloc           0%         N/A       97%         4
 Yara's Violent Unravell  Hex/Alch       0%         3d3       100%        5


Dungeon Overview and Level Annotations

Branches:
Dungeon (3/15)              Sewer (1/1)

Altars:


Innate Abilities, Weirdness & Mutations

You are a hulking beast.
Your limbs bulge with bestial killing power. (Slay +2)
You cannot wear most types of armour.
You are amphibious.
You can wear up to eight rings at the same time.
Your skin changes colour to match your surroundings (Stealth+).
Your rubbery body absorbs attacks. (AC +1, EV +1)
You are camouflaged when in or above water. (Stealth+)
You have tentacles for arms and can constrict up to eight enemies at once.


Message History

You squeeze the river rat!
You kill the river rat!
The frilled lizard closely misses you.
You tentacle-slap the frilled lizard.
You kill the frilled lizard!
Your Fighting skill increases to level 2!
You start resting.
An adder comes into view.
Okay, then.
As you read the scroll labelled DIV EXKOMIDD, it crumbles to dust.
You feel strangely unstable.
It was a scroll of teleportation.
Your surroundings suddenly seem different.
Floosh!
You fall into the deep water. 3 river rats and a frilled lizard come into view.
The river rat squeaks loudly.
The frilled lizard hisses angrily.
The rat squeaks loudly.
You hear a loud squeak. 2 river rats and a rat come into view.
The rat squeaks loudly.
A rat comes into view.
The frilled lizard closely misses you.
The frilled lizard attacks as it pursues you!
The frilled lizard completely misses you.
The river rat squeaks loudly.
You hear a loud squeak.
The rat squeaks loudly.
The river rat twitches its whiskers.
The frilled lizard attacks as it pursues you!
The frilled lizard closely misses you.
A river rat comes into view.
The river rat attacks as it pursues you!
The river rat closely misses you. The river rat misses you.
The river rat attacks as it pursues you!
The river rat bites you.
* * * LOW HITPOINT WARNING * * *
The rat twitches its whiskers.
The river rat attacks as it pursues you!
The river rat bites you!
* * * LOW HITPOINT WARNING * * *
The river rat attacks as it pursues you!
The river rat bites you!
You die...

###############
≈≈≈≈≈≈≈≈≈≈≈≈≈≈≈
≈≈≈≈≈≈≈≈≈≈≈≈≈≈≈
#≈≈h≈≈≈#
##r#≈#≈#
#≈#≈#≈##
##≈#≈#≈#
#≈#r#≈##
##≈#r#≈#
###≈#≈#≈####+###
.~≈~≈≈≈≈≈≈≈~...#
.~~≈≈≈≈≈≈≈≈~...#


You could see a river rat.

Vanquished Creatures
  An orc wizard (D:2)
  5 adders
  2 river rats (Sewer)
  2 ribbon worms (D:2)
  4 orcs (D:2)
  3 ball pythons
  7 endoplasms
  2 giant cockroaches
  6 goblins
  5 hobgoblins
  2 jackals (D:1)
  4 kobolds
  6 quokkas
  A bat (D:2)
  2 frilled lizards
  6 rats
58 creatures vanquished.

Notes
Turn   | Place    | Note
-------+----------+-------------------------------------------
     0 | D:1      | seren the Octopode Shapeshifter began the quest for the
                  | Orb.
     0 | D:1      | Reached XP level 1. HP: 13/13 MP: 1/1
   151 | D:1      | Reached skill level 1 in Stealth
   151 | D:1      | Reached XP level 2. HP: 11/18 MP: 2/2
   650 | D:2      | Reached XP level 3. HP: 20/23 MP: 3/3
   839 | D:2      | Reached XP level 4. HP: 28/28 MP: 4/4
  1110 | D:2      | Reached XP level 5. HP: 28/34 MP: 5/5
  1533 | D:3      | Found a glowing drain.
  1537 | Sewer    | Entered a sewer
  1642 | Sewer    | Slain by a river rat

Illustrated notes

Levels and vault maps discovered:
D:1:      psy_arrival_heroes, layout_rooms
D:2:      minmay_door_path, layout_basic, minmay_misc_feat_pillars,
          eino_tiny_chamber
D:3:      layout_loops_cross, gup_sewer_entry_spiral
Sewer:    sewer_minmay_treatment

Skill      XL: |  1  2  3  4  5 |
---------------+----------------+-----
Stealth        | 1 2 3 |  3.3
Fighting       | 2 |  2.0
Dodging        | |  2.8
Unarmed Combat | |  3.5
Shapeshifting  | |  3.9

Action                     |  1- 3 |  4- 6 || total
---------------------------+-------+-------++-------
  Melee: Unarmed           |    47 |    59 ||   106
         Tentacles         |     7 |    10 ||    17
         Constrict         |    11 |    16 ||    27
    Use: Scroll            |       |     1 ||     1
   Stab: Distracted        |     1 |       ||     1
         Sleeping          |     2 |     7 ||     9
 Armour: Skin              |    16 |    33 ||    49
  Dodge: Dodged            |    21 |    36 ||    57

Table legend: (Time is in decaauts)
 A = Elapsed time spent in this place.
 B = Non-inter-level travel time spent in this place.
 C = Inter-level travel time spent in this place.
 D = Time resting spent in this place.
 E = Time spent auto-exploring this place.
 F = Levels seen in this place.
 G = Mean time per level.
                   A        B        C        D        E       F      G
               +--------+--------+--------+--------+--------+-----+--------+
         Total |   1635 |   1581 |     54 |    212 |    901 |   4 |  408.8 |
       Dungeon |   1531 |   1477 |     54 |    185 |    888 |   3 |  510.3 |
         Sewer |    103 |    103 |      0 |     27 |     13 |   1 |  103.0 |
               +--------+--------+--------+--------+--------+-----+--------+

Top non-repeatable levels by time:
     D:2: 839 daAuts
     D:1: 591 daAuts
   Sewer: 103 daAuts
     D:3: 100 daAuts
